cohdb
Replays
Latest Replays
All Replays
Popular Replays
Top Player Replays
Match Explorer
How It Works
Community
CoH3 Stats
Reddit
Sign in to upload your games and track your stats! →
Sign in with Steam
Match 45915361
Unlisted
Match 45915361
Overview
Messages
Build Orders
End
Construct Barracks
Construct Weapon Support Center
Scout Squad
Bazooka Squad
M1919 Machine Gun Team
Construct Barracks
Riflemen Squad
Bazooka Squad
Riflemen Squad
Infantry Support Center
Construct Motor Pool
M8 Greyhound Armored Car
M24 Chaffee Light Tank
M24 Chaffee Light Tank
Mael Radec
huaichen
0
0
Comments
sign in to comment!
No comments posted yet!